cohdb
Replays
Latest Replays
All Replays
Popular Replays
Top Player Replays
Match Explorer
How It Works
Community
CoH3 Stats
Reddit
Sign in to upload your games and track your stats! →
Sign in with Steam
Match 40183034
Unlisted
Match 40183034
Overview
Messages
Build Orders
End
Construct Section Command Post
Selects Canadian Shock Battlegroup
Selects Canadian Shock Battlegroup
Infantry Section
Dingo Light Scout Car
Infantry Section
Infantry Section
Selects Attacking Spirit
Selects Canadian Shock Section
Canadian Shock Section
Construct Platoon Command Post
Selects Incendiary Munitions
Grenade Package
6-pounder Anti-tank Gun Team
ML 3-inch Mortar Team
Selects Pyrotechnics
Construct Field Infirmary
Infantry Training
6-pounder Anti-tank Gun Team
Construct Company Command Post
Matilda II Heavy Tank
Selects Churchill Crocodile Heavy Tank
RG
『BlackBear』
0
0
Comments
sign in to comment!
No comments posted yet!